AoeStats
← ccereal

Arabia

510395676Analyzed
2v2 RM · 23h ago on Sep 30, 2026· 14m 22s· 4 players
Game mode
Random Map
Map size
Medium (4 player)
Population
200
Speed
Normal
Resources
Standard
Victory
Conquest
Starting age
Dark Age
Ending age
Imperial Age
RankedLock teamsTeams togetherTeam positionsShared explorationLock speedFull tech treeHidden civsTurbo modeCheats
Victory
Defeat
🇫🇷 Mongols · France
1589
+12
🇫🇷 Vietnamese · France
1531
+13
🇦🇷 Persians · Argentina
1526
-14
🇺🇦 Malians · Ukraine
1446
-11
Misterio
7:16 Loom
9:32 Feudal Age
Korondo
0:32 Loom
Flybidi
5:51 Loom
8:47 Feudal Age
12:36 Fletching
ccereal
5:50 Loom
8:06 Feudal Age
8:52 Double-Bit Axe
Connection lost

Rejoining the realm…

Still unreachable

The connection could not be restored.

Session expired

The server has moved on; the page needs a fresh start.